 Dungeon Crawl Stone Soup version 0.18.1-8-gdd0e5ea (webtiles) character file.

55 manyhoops the Firebug (level 3, -1/22 HPs)
             Began as an Octopode Fire Elementalist on May 28, 2016.
             Slain by Grinder (4 damage)
             ... while paralysed by Grinder
             ... on level 3 of the Dungeon.
             The game lasted 00:03:12 (1474 turns).

manyhoops the Firebug (Octopode Fire Elementalist)  Turns: 1474, Time: 00:03:13

Health: -1/22      AC:  1    Str:  7    XL:     3   Next: 93%
Magic:  2/6        EV:  2    Int: 18    God:
Gold:   126        SH:  0    Dex: 12    Spells: 3 memorised, 0 levels left

rFire  . . .     SeeInvis .     m - +1 whip (pain)
rCold  . . .     Gourm    .     (no shield)
rNeg   . . .     Faith    .     (helmet restricted)
rPois  .         Spirit   .     (no amulet)
rElec  .         Dismiss  .     (no ring)
rCorr  .         Reflect  .     (no ring)
SustAt .         Harm     .     (no ring)
MR     .....                    (no ring)
Stlth  +++.......               (no ring)
                                (no ring)
                                (no ring)
                                (no ring)

@: paralysed, not resistant to hostile enchantments, fairly stealthy
A: almost no armour, amphibious, 8 rings, constrict 8, camouflage 1, gelatinous
body 1
a: no special abilities


You were on level 3 of the Dungeon.
You were very hungry.

You visited 1 branch of the dungeon, and saw 3 of its levels.

You collected 126 gold pieces.

Inventory:

Hand Weapons
 m - a +1 whip of pain (weapon)
Jewellery
 r - an uncursed ring of positive energy {unknown}
Scrolls
 e - 2 scrolls of magic mapping {unknown}
 f - 2 scrolls of remove curse
 o - a scroll of teleportation {unknown}
Potions
 c - a potion of heal wounds {unknown}
 d - 2 potions of degeneration {unknown}
 g - a potion of invisibility {unknown}
 h - a potion of brilliance
 i - a potion of magic {unknown}
 j - 2 potions of cure mutation
 k - a potion of curing {unknown}
 n - a potion of might {unknown}
 q - a potion of agility {unknown}
Books
 a - a book of Flames

   Spells                             Type                      Level
   a - Flame Tongue                   Conjuration/Fire             1
   b - Throw Flame                    Conjuration/Fire             2
   c - Conjure Flame                  Conjuration/Fire             3
   d - Inner Flame                    Hexes/Fire                   3
   e - Sticky Flame                   Conjuration/Fire             4
   f - Fireball                       Conjuration/Fire             5
Comestibles
 b - 2 bread rations
 l - 3 meat rations
 p - 5 fruits


   Skills:
 + Level 0.4 Fighting
 - Level 2.0 Dodging
 + Level 3.3 Stealth
 + Level 2.4 Spellcasting
 + Level 1.5 Conjurations
 + Level 3.8 Fire Magic


You couldn't memorise any spells.
You knew the following spells:

 Your Spells              Type           Power        Failure   Level  Hunger
a - Flame Tongue          Conj/Fire      ##...        8%          1    #......
b - Throw Flame           Conj/Fire      ##....       12%         2    ##.....
c - Conjure Flame         Conj/Fire      ##......     21%         3    ###....


Dungeon Overview and Level Annotations

Branches:
Dungeon (2/15)

Altars:
Makhleb
Okawaru
Qazlal

Annotations:
D:3 Grinder


Innate Abilities, Weirdness & Mutations

You cannot wear most types of armour.
You are amphibious.
You can wear up to eight rings at the same time.
You can use your tentacles to constrict eight enemies at once.
Your skin changes colour to match your surroundings (Stealth).
Your rubbery body absorbs attacks (AC +1).


Message History

Confirm with . or Enter, or press ? or * to list all spells.
Aiming: Throw Flame
Press: ? - help, Shift-Dir - straight line, f - Grinder
Aim: Grinder The puff of flame misses Grinder.
Casting: Throw Flame
Confirm with . or Enter, or press ? or * to list all spells.
Aiming: Throw Flame
Press: ? - help, Shift-Dir - straight line, f/p - Grinder
Aim: Grinder The puff of flame hits Grinder.
Grinder is lightly wounded.
Grinder gestures at you.
You suddenly lose the ability to move!
Grinder hits you!
You writhe in agony.
* * * LOW HITPOINT WARNING * * *
Grinder hits you.
* * * LOW HITPOINT WARNING * * *
You writhe in agony.
You die...

# # # ### # #######.#
# ......5.# #
###@#### #
..########......# #.#
#........#......#
....+........'......#
#.###........########
....+........#
....#........#
..#..........#####
................>#


You could see Grinder.

Vanquished Creatures
  An adder zombie (D:2)
  An adder skeleton (D:2)
  A worm (D:1)
  2 giant geckos
  2 bats
  A bat zombie (D:2)
  A giant cockroach (D:1)
  9 goblins
  6 hobgoblins
  3 jackals (D:1)
  A ball python (D:1)
  A ball python zombie (D:2)
  A giant newt (D:1)
  3 kobolds
  6 rats
39 creatures vanquished.

Notes
Turn   | Place    | Note
--------------------------------------------------------------
     0 | D:1      | manyhoops the Octopode Fire Elementalist began the quest for the Orb.
     0 | D:1      | Reached XP level 1. HP: 11/11 MP: 3/3
   221 | D:1      | Reached XP level 2. HP: 17/17 MP: 3/5
   908 | D:1      | Reached XP level 3. HP: 21/21 MP: 4/6
   970 | D:1      | Learned a level 2 spell: Throw Flame
   974 | D:1      | Learned a level 3 spell: Conjure Flame
  1221 | D:2      | You fall through a shaft!
  1377 | D:3      | Found a stormy altar of Qazlal.
  1377 | D:3      | Found a burning altar of Makhleb.
  1381 | D:3      | Found an iron altar of Okawaru.
  1467 | D:3      | Noticed Grinder
  1469 | D:3      | Paralysed by Grinder for 6 turns
  1474 | D:3      | Slain by Grinder

Skill      XL: |  1  2 |
---------------+-------+-----
Stealth        | 3 |  3.3
Fighting       | |  0.4
Dodging        | |  2.0
Spellcasting   | |  2.4
Conjurations   | |  1.5
Fire Magic     | |  3.8

Action                   || total
-------------------------++-------
Melee: Unarmed           ||     2
       Constrict         ||    10
       Tentacles         ||     1
       Whip              ||    29
 Cast: Flame Tongue      ||    46
       Throw Flame       ||     5
  Use: Scroll            ||     3
 Stab: Sleeping          ||     3
  Eat: Chunk             ||     1
Armor: Skin              ||     7
Dodge: Dodged            ||    34
